3R
SHERIDAN DEER @ CANONNIERS DE QUEBEC
09/01/2037
 
TOP OF THE 1ST
Sheridan Deer batting - Pitching for Canonniers de Quebec : RHP Alberto López
Pitching: RHP Alberto López
Batting: LHB Armando Ventura 0-0: Ball
1-0: Ground out 6-3 (Groundball, 6, EV 100.0 MPH)
Batting: RHB Germán Escobar 0-0: Foul Ball, location: 2F
0-1: Bunted foul
0-2: Ball
1-2: SINGLE (Groundball, 56, EV 100.0 MPH)
Batting: LHB Mario Hernández 0-0: Ball
1-0: Foul Ball, location: 2F
1-1: Ball
2-1: SINGLE (Groundball, 34D, EV 109.4 MPH)
Germán Escobar to second
Runner from 2nd tries for 3rd, SAFE, no throw by RF
Batting: LHB Phillip White 0-0: Ball
1-0: Called Strike
1-1: Called Strike
1-2: Foul Ball, location: 2F
1-2: Grounds into double play, 5-4-3 (Groundball, 5L, EV 91.2 MPH)
Top of the 1st over - 0 runs, 2 hits, 0 errors, 1 left on base; Sheridan 0 - Canonniers de Quebec 0
BOTTOM OF THE 1ST
Canonniers de Quebec batting - Pitching for Sheridan Deer : RHP Dejenie Afiba
Pitching: RHP Dejenie Afiba
Batting: LHB Ewold de Regt 0-0: Ball
1-0: Ball
2-0: Fly out, F2 (Popup, 25F, EV 77.5 MPH)
Batting: LHB Knox Loposer 0-0: Ball
1-0: Called Strike
1-1: Ball
2-1: Swinging Strike
2-2: Ball
3-2: Foul Ball, location: 2F
3-2: Strikes out swinging
Batting: RHB Imbart Baars 0-0: Called Strike
0-1: Fly out, F7 (Flyball, 78D, EV 78.8 MPH)
Bottom of the 1st over - 0 runs, 0 hits, 0 errors, 0 left on base; Sheridan 0 - Canonniers de Quebec 0
TOP OF THE 2ND
Sheridan Deer batting - Pitching for Canonniers de Quebec : RHP Alberto López
Batting: RHB Joe Galonzo 0-0: Foul Ball, location: 2F
0-1: Ball
1-1: Foul Ball, location: 2F
1-2: Foul Ball, location: 2F
1-2: Foul Ball, location: 2F
1-2: Foul Ball, location: 2F
1-2: Foul Ball, location: 2F
1-2: Foul Ball, location: 2F
1-2: Foul Ball, location: 2F
1-2: Foul Ball, location: 2F
1-2: Fly out, F1 (Line Drive, P, EV 73.1 MPH)
Batting: LHB Hsui-chuan Tsou 0-0: Ball
1-0: Called Strike
1-1: Called Strike
1-2: Foul Ball, location: 2F
1-2: Strikes out looking
Batting: RHB Tzu-yu Yang 0-0: Ball
1-0: Foul Ball, location: 2F
1-1: Ball
2-1: Foul Ball, location: 2F
2-2: Ball
3-2: DOUBLE (Line Drive, 89D, EV 110.0 MPH)
Batting: RHB Bert Allison 0-0: Called Strike
0-1: Called Strike
0-2: Ball
1-2: Strikes out looking
Top of the 2nd over - 0 runs, 1 hit, 0 errors, 1 left on base; Sheridan 0 - Canonniers de Quebec 0
BOTTOM OF THE 2ND
Canonniers de Quebec batting - Pitching for Sheridan Deer : RHP Dejenie Afiba
Batting: RHB Tom Rowland 0-0: Called Strike
0-1: Ball
1-1: Foul Ball, location: 2F
1-2: Ball
2-2: Ball
3-2: Foul Ball, location: 2F
3-2: Foul Ball, location: 2F
3-2: Foul Ball, location: 2F
3-2: Base on Balls
Batting: RHB Amor Campos 0-0: Ball
1-0: Foul Ball, location: 2F
1-1: Ball
2-1: Ball
3-1: Base on Balls
Tom Rowland to second
Batting: RHB Nobuhiko Ohayashi 0-0: Ball
1-0: Foul Ball, location: 2F
1-1: Grounds into double play, 5-4-3 (Groundball, 5, EV 105.0 MPH)
Tom Rowland to third
Batting: RHB Joe Padilla 0-0: Called Strike
0-1: Ball
1-1: Ball
2-1: Foul Ball, location: 2F
2-2: Ball
3-2: Fly out, F9 (Flyball, 89D, EV 101.2 MPH)
Bottom of the 2nd over - 0 runs, 0 hits, 0 errors, 1 left on base; Sheridan 0 - Canonniers de Quebec 0
TOP OF THE 3RD
Sheridan Deer batting - Pitching for Canonniers de Quebec : RHP Alberto López
Batting: RHB Jack Schrijver 0-0: Called Strike
0-1: Ball
1-1: Foul Ball, location: 2F
1-2: Strikes out swinging
Batting: LHB Armando Ventura 0-0: Foul Ball, location: 2F
0-1: Ball
1-1: Foul Ball, location: 2F
1-2: Foul Ball, location: 2F
1-2: Ball
2-2: Ball
3-2: Foul Ball, location: 2F
3-2: Foul Ball, location: 2F
3-2: Fly out, F7 (Line Drive, 7S, EV 101.2 MPH)
Batting: RHB Germán Escobar 0-0: Ground out 5-3 (Groundball, 56, EV 111.2 MPH)
Top of the 3rd over - 0 runs, 0 hits, 0 errors, 0 left on base; Sheridan 0 - Canonniers de Quebec 0
BOTTOM OF THE 3RD
Canonniers de Quebec batting - Pitching for Sheridan Deer : RHP Dejenie Afiba
Batting: RHB Ed Dimock 0-0: Ball
1-0: Foul Ball, location: 2F
1-1: Called Strike
1-2: Ball
2-2: Strikes out swinging
Batting: SHB Geoffrey Richardson 0-0: Called Strike
0-1: Fly out, F8 (Flyball, 78S, EV 92.5 MPH)
Batting: LHB Ewold de Regt 0-0: Foul Ball, location: 2F
0-1: Hit by Pitch
Batting: LHB Knox Loposer 0-0: Called Strike
0-1: Called Strike
0-2: Ball
1-2: Foul Ball, location: 2F
1-2: Fly out, F8 (Flyball, 8RS, EV 90.0 MPH)
Bottom of the 3rd over - 0 runs, 0 hits, 0 errors, 1 left on base; Sheridan 0 - Canonniers de Quebec 0
TOP OF THE 4TH
Sheridan Deer batting - Pitching for Canonniers de Quebec : RHP Alberto López
Batting: LHB Mario Hernández 0-0: Ball
1-0: Ball
2-0: Ball
3-0: Called Strike
3-1: Base on Balls
Batting: LHB Phillip White 0-0: Ball
1-0: Ball
2-0: Ball
3-0: Base on Balls
Mario Hernández to second
Batting: RHB Joe Galonzo 0-0: Foul Ball, location: 2F
0-1: Ball
1-1: Ball
2-1: Ball
3-1: Called Strike
3-2: Fielders Choice at 2nd, 3-6 (Groundball, 3, EV 108.1 MPH)
Mario Hernández to third
Batting: LHB Hsui-chuan Tsou 0-0: Ball
1-0: Called Strike
1-1: Ball
2-1: Foul Ball, location: 2F
2-2: SINGLE (Groundball, 6MD, EV 95.0 MPH)
Mario Hernández scores
Joe Galonzo to second
Runner from 2nd tries for 3rd, SAFE, throw by CF made to third
Batting: RHB Tzu-yu Yang 0-0: Ball
1-0: Ball
2-0: Called Strike
2-1: Ball
3-1: Base on Balls
Hsui-chuan Tsou to second
Batting: RHB Bert Allison 0-0: Ball
1-0: Ball
2-0: Ball
3-0: Called Strike
3-1: Base on Balls
Joe Galonzo scores
Hsui-chuan Tsou to third
Tzu-yu Yang to second
Batting: RHB Jack Schrijver 0-0: Called Strike
0-1: Called Strike
0-2: Strikes out looking
Batting: LHB Armando Ventura 0-0: Foul Ball, location: 2F
0-1: Swinging Strike
0-2: Strikes out swinging
Top of the 4th over - 2 runs, 1 hit, 0 errors, 3 left on base; Sheridan 2 - Canonniers de Quebec 0
BOTTOM OF THE 4TH
Canonniers de Quebec batting - Pitching for Sheridan Deer : RHP Dejenie Afiba
Batting: RHB Imbart Baars 0-0: Fly out, F9 (Flyball, 89D, EV 95.0 MPH)
Batting: RHB Tom Rowland 0-0: Called Strike
0-1: Foul Ball, location: 2F
0-2: SINGLE (Line Drive, 6M, EV 96.2 MPH)
Batting: RHB Amor Campos 0-0: Ball
1-0: Called Strike
1-1: Called Strike
1-2: DOUBLE (Flyball, 78XD, EV 105.6 MPH)
Tom Rowland to third
Runner from 3rd tries for Home, SAFE, throw by CF to trailing runner, SAFE at third!
Batting: RHB Nobuhiko Ohayashi 0-0: Ball
1-0: Ball
2-0: Ball
3-0: Called Strike
3-1: Base on Balls
Pitching: LHP Pancho Cazalla
Batting: RHB Joe Padilla 0-0: Ball
1-0: Called Strike
1-1: Ball
2-1: Foul Ball, location: 2F
2-2: Foul Ball, location: 2F
2-2: Ball
3-2: Base on Balls
Nobuhiko Ohayashi to second
Batting: RHB Ed Dimock 0-0: Foul Ball, location: 2F
0-1: Swinging Strike
0-2: Foul Ball, location: 2F
0-2: Foul Ball, location: 2F
0-2: Strikes out swinging
Batting: SHB Geoffrey Richardson 0-0: Foul Ball, location: 2F
0-1: Swinging Strike
0-2: Ground out 4-3 (Groundball, 4, EV 83.1 MPH)
Bottom of the 4th over - 1 run, 2 hits, 0 errors, 3 left on base; Sheridan 2 - Canonniers de Quebec 1
TOP OF THE 5TH
Sheridan Deer batting - Pitching for Canonniers de Quebec : RHP Alberto López
Pitching: RHP Javier Valdéz
Batting: RHB Germán Escobar 0-0: Ball
1-0: Swinging Strike
1-1: Called Strike
1-2: Ball
2-2: Strikes out swinging
Batting: LHB Mario Hernández 0-0: Ball
1-0: Foul Ball, location: 2F
1-1: Ground out 1-3 (Groundball, 34S, EV 73.8 MPH)
Batting: LHB Phillip White 0-0: Foul Ball, location: 2F
0-1: Fly out, F8 (Line Drive, 8RM, EV 99.4 MPH)
Top of the 5th over - 0 runs, 0 hits, 0 errors, 0 left on base; Sheridan 2 - Canonniers de Quebec 1
BOTTOM OF THE 5TH
Canonniers de Quebec batting - Pitching for Sheridan Deer : LHP Pancho Cazalla
Batting: LHB Ewold de Regt 0-0: Foul Ball, location: 2F
0-1: Foul Ball, location: 2F
0-2: Fly out, F7 (Flyball, 7LS, EV 87.5 MPH)
Batting: LHB Knox Loposer 0-0: Called Strike
0-1: Foul Ball, location: 2F
0-2: Foul Ball, location: 2F
0-2: Ball
1-2: Ball
2-2: Ball
3-2: Foul Ball, location: 2F
3-2: Strikes out looking
Batting: RHB Imbart Baars 0-0: Ball
1-0: Ball
2-0: Called Strike
2-1: Ball
3-1: Base on Balls
Batting: RHB Tom Rowland 0-0: Called Strike
0-1: Ball
1-1: Foul Ball, location: 2F
1-2: Foul Ball, location: 2F
1-2: Ground out U3 (Groundball, 34S, EV 66.9 MPH)
Bottom of the 5th over - 0 runs, 0 hits, 0 errors, 1 left on base; Sheridan 2 - Canonniers de Quebec 1
TOP OF THE 6TH
Sheridan Deer batting - Pitching for Canonniers de Quebec : RHP Javier Valdéz
Batting: RHB Joe Galonzo 0-0: Foul Ball, location: 2F
0-1: Ground out 6-3 (Groundball, 56, EV 80.0 MPH)
Batting: LHB Hsui-chuan Tsou 0-0: Called Strike
0-1: Foul Ball, location: 2F
0-2: Ball
1-2: Strikes out looking
Batting: RHB Tzu-yu Yang 0-0: Called Strike
0-1: Foul Ball, location: 2F
0-2: Ball
1-2: SINGLE (Line Drive, 34, EV 100.0 MPH)
Batting: RHB Bert Allison 0-0: Called Strike
0-1: DOUBLE (Line Drive, 5D, EV 98.8 MPH)
Tzu-yu Yang to third
Runner from 3rd tries for Home, SAFE, throw by LF to trailing runner, SAFE at third!
Batting: RHB Jack Schrijver 0-0: Ball
1-0: Called Strike
1-1: Ball
2-1: Called Strike
2-2: Foul Ball, location: 2F
2-2: Ball
3-2: SINGLE (Groundball, 56D, EV 98.8 MPH)
Bert Allison scores
Batting: LHB Armando Ventura 0-0: Ball
1-0: Swinging Strike
1-1: Foul Ball, location: 2F
1-2: Foul Ball, location: 2F
1-2: Ball
2-2: Ball
3-2: Ground out 4-3 (Groundball, 4, EV 86.2 MPH)
Top of the 6th over - 2 runs, 3 hits, 0 errors, 1 left on base; Sheridan 4 - Canonniers de Quebec 1
BOTTOM OF THE 6TH
Canonniers de Quebec batting - Pitching for Sheridan Deer : LHP Pancho Cazalla
Batting: RHB Amor Campos 0-0: Swinging Strike
0-1: Foul Ball, location: 2F
0-2: SINGLE (Groundball, 6MS, EV 86.2 MPH) (infield hit)
Pitching: RHP Adam Keast
Batting: RHB Nobuhiko Ohayashi 0-0: Ball
1-0: Ball
2-0: Ball
3-0: Called Strike
3-1: Swinging Strike
3-2: Strikes out looking
Batting: RHB Joe Padilla 0-0: Ball
1-0: Ball
2-0: Called Strike
2-1: Fly out, F9 (Line Drive, 9, EV 97.5 MPH)
Batting: RHB Ed Dimock 0-0: Ball
Wild Pitch!
Amor Campos to second
1-0: Ball
2-0: Ball
3-0: Called Strike
3-1: Base on Balls
Batting: SHB Geoffrey Richardson 0-0: Ball
1-0: SINGLE (Line Drive, 6D, EV 95.0 MPH)
Amor Campos to third
Ed Dimock to second
Runner from 3rd tries for Home, SAFE, throw by LF to home
Batting: LHB Ewold de Regt 0-0: Ball
1-0: Fly out, F8 (Flyball, 8RS, EV 91.9 MPH)
Bottom of the 6th over - 1 run, 2 hits, 0 errors, 2 left on base; Sheridan 4 - Canonniers de Quebec 2
TOP OF THE 7TH
Sheridan Deer batting - Pitching for Canonniers de Quebec : RHP Javier Valdéz
Batting: RHB Germán Escobar 0-0: Ball
1-0: Ball
2-0: SOLO HOME RUN (Flyball, 7D, EV 101.9 MPH), Distance : 360 ft
Pitching: LHP Neyo Eniquez
Batting: LHB Mario Hernández 0-0: Foul Ball, location: 2F
0-1: Called Strike
0-2: Ball
1-2: Ground out 4-3 (Groundball, 4, EV 88.8 MPH)
Batting: LHB Phillip White 0-0: Ball
1-0: Ball
2-0: Ground out U3 (Groundball, 34S, EV 83.8 MPH)
Batting: RHB Joe Galonzo 0-0: Foul Ball, location: 2F
0-1: Ball
1-1: Fly out, F7 (Flyball, 7LSF, EV 75.6 MPH)
Top of the 7th over - 1 run, 1 hit, 0 errors, 0 left on base; Sheridan 5 - Canonniers de Quebec 2
BOTTOM OF THE 7TH
Canonniers de Quebec batting - Pitching for Sheridan Deer : RHP Adam Keast
Batting: LHB Knox Loposer 0-0: Ball
1-0: Foul Ball, location: 2F
1-1: Ball
2-1: Called Strike
2-2: Foul Ball, location: 2F
2-2: Strikes out swinging
Batting: RHB Imbart Baars 0-0: Foul Ball, location: 2F
0-1: Ball
1-1: SINGLE (Groundball, 6, EV 83.8 MPH) (infield hit)
Batting: RHB Tom Rowland 0-0: Ball
1-0: Ball
Wild Pitch!
Imbart Baars to second
2-0: Ball
3-0: Called Strike
3-1: Base on Balls
Batting: RHB Amor Campos 0-0: Called Strike
0-1: Called Strike
0-2: Fly out, F9 (Flyball, 9LS, EV 90.6 MPH)
Batting: RHB Nobuhiko Ohayashi 0-0: Called Strike
0-1: Called Strike
0-2: Ball
1-2: Strikes out swinging
Bottom of the 7th over - 0 runs, 1 hit, 0 errors, 2 left on base; Sheridan 5 - Canonniers de Quebec 2
TOP OF THE 8TH
Sheridan Deer batting - Pitching for Canonniers de Quebec : LHP Neyo Eniquez
Batting: LHB Hsui-chuan Tsou 0-0: Ball
1-0: Ball
2-0: Called Strike
2-1: Foul Ball, location: 2F
2-2: Ball
3-2: Foul Ball, location: 2F
3-2: Foul Ball, location: 2F
3-2: SINGLE (Groundball, 6MD, EV 95.0 MPH)
Batting: RHB Tzu-yu Yang 0-0: Sac Bunt to 2R - play at first, batter OUT! 2-3
Hsui-chuan Tsou to second
Batting: RHB Bert Allison 0-0: Intentional Walk
Batting: RHB Jack Schrijver 0-0: Called Strike
0-1: Called Strike
0-2: Grounds into double play, 5-4-3 (Groundball, 5S, EV 86.2 MPH)
Top of the 8th over - 0 runs, 1 hit, 0 errors, 1 left on base; Sheridan 5 - Canonniers de Quebec 2
BOTTOM OF THE 8TH
Canonniers de Quebec batting - Pitching for Sheridan Deer : RHP Adam Keast
Batting: RHB Joe Padilla 0-0: Ball
1-0: Ball
2-0: Ball
3-0: Called Strike
3-1: Fly out, F8 (Line Drive, 8LS, EV 94.4 MPH)
Batting: RHB Ed Dimock 0-0: Ground out 6-3 (Groundball, 6S, EV 86.2 MPH)
Batting: SHB Geoffrey Richardson 0-0: Foul Ball, location: 2F
0-1: Foul Ball, location: 2F
0-2: Ground out 4-3 (Groundball, 4, EV 93.8 MPH)
Bottom of the 8th over - 0 runs, 0 hits, 0 errors, 0 left on base; Sheridan 5 - Canonniers de Quebec 2
TOP OF THE 9TH
Sheridan Deer batting - Pitching for Canonniers de Quebec : LHP Neyo Eniquez
Batting: LHB Armando Ventura 0-0: Called Strike
0-1: Foul Ball, location: 2F
0-2: Ball
1-2: Ball
2-2: Ball
3-2: SINGLE (Line Drive, 78M, EV 101.9 MPH)
Batting: RHB Germán Escobar 0-0: Grounds into double play, 5-4-3 (Groundball, 5L, EV 87.5 MPH)
Batting: LHB Mario Hernández 0-0: Swinging Strike
0-1: Foul Ball, location: 2F
0-2: Strikes out swinging
Top of the 9th over - 0 runs, 1 hit, 0 errors, 0 left on base; Sheridan 5 - Canonniers de Quebec 2
BOTTOM OF THE 9TH
Canonniers de Quebec batting - Pitching for Sheridan Deer : RHP Adam Keast
Pitching: RHP Ludovic Laurent
Batting: LHB Ewold de Regt 0-0: Ball
1-0: Fly out, F7 (Flyball, 7D, EV 99.4 MPH)
Batting: LHB Knox Loposer 0-0: Called Strike
0-1: Ball
1-1: SINGLE (Line Drive, 78S, EV 93.1 MPH)
Batting: RHB Imbart Baars 0-0: Called Strike
0-1: Ball
1-1: Swinging Strike
1-2: SINGLE (Flyball, 7S, EV 81.2 MPH)
Knox Loposer to second
Batting: RHB Tom Rowland 0-0: Called Strike
0-1: Grounds into double play, 4-6-3 (Groundball, 4, EV 85.6 MPH)
Bottom of the 9th over - 0 runs, 2 hits, 0 errors, 1 left on base; Sheridan 5 - Canonniers de Quebec 2
Thursday, January 23rd, 2020 - OOTP Baseball 20.8 Build 74